 Dungeon Crawl Stone Soup version 0.20-a0-689-g860b9ab (webtiles) character file.

1341 polly the Cudgeler (level 8, 0/48 HPs)
             Began as a Gargoyle Fighter on Feb 20, 2017.
             Was a Believer of Okawaru.
             Killed from afar by an orc wizard (8 damage)
             ... with a magic dart
             ... on level 7 of the Dungeon.
             The game lasted 00:05:30 (4450 turns).

polly the Cudgeler (Gargoyle Fighter)               Turns: 4450, Time: 00:05:30

Health: 0/48       AC: 16    Str: 21    XL:     8   Next: 62%
Magic:  8/8        EV:  6    Int: 12    God:    Okawaru [**....]
Gold:   356        SH: 10    Dex: 10    Spells: 7/7 levels left

rFire    + . .     SeeInvis +   I - +8 flail of Brawl {freeze, rElec rF+ rC++ Int+3}
rCold    + + .     Gourm    .   e - +0 chain mail
rNeg     + . .     Faith    .   c - +0 shield
rPois    ∞         Spirit   .   H - +0 helmet
rElec    +         Reflect  .   (no cloak)
rCorr    .         Harm     .   (no gloves)
MR       .....                  (no boots)
Stlth    ..........             (no amulet)
Regen    0.2/turn               w - ring of see invisible
MPRegen  0.2/turn               (no ring)

@: no status effects
A: negative energy resistance 1, electricity resistance, unbreathing,
petrification resistance, rot immunity, AC +5
a: Heroism, Renounce Religion


You were on level 7 of the Dungeon.
You worshipped Okawaru.
Okawaru was pleased with you.
You were not hungry.

You visited 2 branches of the dungeon, and saw 8 of its levels.

You collected 356 gold pieces.

Inventory:

Hand Weapons
 I - the +8 flail of Brawl (weapon) {freeze, rElec rF+ rC++ Int+3}
   (You found it on level 7 of the Dungeon)

   It has been specially enchanted to freeze those struck by it, causing extra
   injury to most foes and up to half again as much damage against particularly
   susceptible opponents.
   It can also slow down cold-blooded creatures.
   It affects your intelligence (+3).
   It protects you from fire.
   It greatly protects you from cold.
   It insulates you from electricity.
Armour
 c - a +0 shield (worn)
 e - a +0 chain mail (worn)
 H - a +0 helmet (worn)
Jewellery
 w - a ring of see invisible (right hand)
Wands
 b - a wand of iceblast (9/15)
 y - a wand of acid (9/15)
 D - a wand of polymorph (6/24)
Scrolls
 g - 3 scrolls of magic mapping {unknown}
 h - 2 scrolls of amnesia {unknown}
 i - 2 scrolls of fog {unknown}
 j - 15 scrolls of identify {unknown}
 k - a scroll of enchant weapon {unknown}
 l - 3 scrolls of recharging {unknown}
 p - 2 scrolls of remove curse {unknown}
 q - 2 scrolls of fear {unknown}
 r - 4 scrolls of teleportation {unknown}
 s - a scroll of immolation {unknown}
 v - 3 scrolls of enchant armour {unknown}
 E - a scroll of random uselessness {unknown}
 F - a scroll of blinking {unknown}
Potions
 d - 3 potions of haste {unknown}
 m - 4 potions of flight {unknown}
 n - a potion of invisibility {unknown}
 o - 2 potions of resistance {unknown}
 u - a potion of lignification {unknown}
 x - 2 potions of brilliance {unknown}
 B - 2 potions of curing {unknown}
 C - 2 potions of agility {unknown}
 G - a potion of might
Books
 J - a book of Misfortune

   Spells                             Type                      Level
   a - Confusing Touch                Hexes                        1
   b - Confuse                        Hexes                        3
   c - Gell's Gravitas                Hexes/Translocation          3
   d - Petrify                        Transmutation/Earth          4
   e - Metabolic Englaciation         Hexes/Ice                    5
   f - Yara's Violent Unravelling     Hexes/Transmutation          5
Comestibles
 f - 6 bread rations
 t - 2 fruits
 z - a royal jelly
 A - 3 meat rations


   Skills:
 + Level 4.9 Fighting
 + Level 6.8 Maces & Flails
 + Level 5.8 Armour
 + Level 1.4 Dodging
 + Level 6.4 Shields


You had 7 spell levels left.
You didn't know any spells.

Dungeon Overview and Level Annotations

Branches:
Dungeon (7/15)             Temple (1/1) D:6

Altars:
Cheibriados
Dithmenos
Hepliaklqana
Kikubaaqudgha
Okawaru
Qazlal
Ru
Sif Muna
Trog
Yredelemnul
The Shining One

Shops:
D:4 %


Innate Abilities, Weirdness & Mutations

You are resistant to torment.
Your stone body is resilient. (AC +5)
You are immune to poison.
You resist negative energy. (rN+)
You are resistant to electric shocks. (rElec)
You can survive without breathing.
You are immune to petrification.
You are immune to rotting.


Message History

The magic dart hits you! The hound bites you but does no damage.
You bludgeon the hound!! You freeze the hound.
You kill the hound!
Okawaru accepts your kill. You block the orc's attack.
The orc hits you but does no damage. You block the orc's attack.
The ogre barely misses you.
The orc wizard hits you but does no damage.
You sock the orc wizard! You freeze the orc wizard.
The orc wizard is severely wounded.
The orc wizard barely misses you. You block the orc's attack. x2
The orc barely misses you. The ogre barely misses you.
Your chain mail prevents you from hitting the orc wizard.
The orc wizard is severely wounded.
The orc wizard hits you but does no damage.
You block the orc's attack. The orc barely misses you.
You block the orc's attack. The ogre hits you with a giant club!!
* * * LOW HITPOINT WARNING * * *
The orc wizard casts a spell at you. The magic dart hits you!
You die...

#.......#.. .......
#....#.......#.. .......
#....#.......#.. .......
#....##......#.. .......
#....##......#..
.......##....##......#..
.............+.......#..
......†oo....#.......#..
......O@o....#.......'..
......o##....#########..
.......##....#..........
.<...........'..........
.......##....#........=.
....... #....#..........
.......#######..........
.......#...........(....
#......###'####..


You could see an ogre, an orc wizard and 3 orcs.

Vanquished Creatures
  Duvessa (D:7)
  2 ogres (D:7)
  A necrophage (D:7)
  A phantom (D:6)
  A centaur (D:5)
  Dowan (D:7)
  A scorpion (D:5)
  4 hounds
  An orc priest (D:6)
  2 iguanas
  An orc wizard (D:5)
  A centaur skeleton (D:7)
  6 worker ants
  2 hound zombies
  A hound skeleton (D:5)
  A howler monkey zombie (D:5)
  A worker ant zombie (D:6)
  7 gnolls (D:3)
  4 adders
  A shadow imp (D:7)
  2 oozes
  An adder zombie (D:5)
  6 worms
  3 dart slugs (D:2)
  5 leopard geckos
  16 orcs
  7 bats
  2 giant cockroaches (D:2)
  8 goblins
  7 hobgoblins
  3 jackals (D:3)
  4 quokkas
  A ball python (D:1)
  9 frilled lizards
  11 kobolds
  9 rats
134 creatures vanquished.

Notes
Turn   | Place    | Note
-------+----------+-------------------------------------------
     0 | D:1      | polly the Gargoyle Fighter began the quest for the Orb.
     0 | D:1      | Reached XP level 1. HP: 14/14 MP: 1/1
   189 | D:1      | Reached XP level 2. HP: 19/19 MP: 2/2
   559 | D:1      | Reached XP level 3. HP: 23/23 MP: 3/3
  1127 | D:2      | Reached XP level 4. HP: 26/28 MP: 4/4
  1541 | D:3      | Reached XP level 5. HP: 9/33 MP: 5/5
  1842 | D:3      | Found a deep blue altar of Sif Muna.
  1842 | D:3      | Found a sacrificial altar of Ru.
  2239 | D:4      | Found an iron altar of Okawaru.
  2251 | D:4      | Became a worshipper of Warmaster Okawaru
  2276 | D:4      | Reached XP level 6. HP: 22/38 MP: 6/6
  2482 | D:4      | Found Jelell's Food Shop.
  2614 | D:4      | Reached skill level 5 in Shields
  2673 | D:5      | Entered Level 5 of the Dungeon
  2817 | D:5      | Reached skill level 1 in Dodging
  2915 | D:5      | Reached * piety under Okawaru
  2952 | D:5      | Reached XP level 7. HP: 40/43 MP: 7/7
  3100 | D:5      | Reached skill level 5 in Maces & Flails
  3604 | D:6      | Found a staircase to the Ecumenical Temple.
  3730 | Temple   | Entered the Ecumenical Temple
  3895 | D:6      | Reached skill level 5 in Armour
  4017 | D:7      | Reached ** piety under Okawaru
  4017 | D:7      | Reached XP level 8. HP: 37/48 MP: 8/8
  4116 | D:7      | Got a bloodstained flail
  4117 | D:7      | Identified the +8 flail of Brawl {freeze, rElec rF+ rC++ Int+3} (You found it on level 7 of the Dungeon)
  4344 | D:7      | Noticed Dowan
  4346 | D:7      | Noticed Duvessa
  4353 | D:7      | Killed Duvessa
  4356 | D:7      | Killed Dowan
  4450 | D:7      | Killed from afar by an orc wizard

Vault maps used:
D:1:      dpeg_arrival_shelter, minmay_misc_feat_x, hangedman_decor_points,
          minmay_crystal_room, minmay_misc_feat_pillars, minmay_octomino_j4
D:2:      first_bread
D:3:      gammafunk_temple_overflow_pools
D:4:      serial_shops, shop, okawaru_ov_weapons_minmay
D:6:      minmay_klotski, minmay_temple_entry_statues_pillars
D:7:      grunt_ogre_cave, uniq_duvessa
Temple:   eino_narrow_crystal_temple

Skill      XL: |  1  2  3  4  5  6  7  8 |
---------------+-------------------------+-----
Shields        | 4 5 6 |  6.4
Maces & Flails | 3 4 6 |  6.8
Armour         | 4 5 |  5.8
Fighting       | 4 |  4.9
Dodging        | 1 |  1.4

Action                   |  1- 3 |  4- 6 |  7- 9 || total
-------------------------+-------+-------+-------++-------
Melee: Flail             |   206 |   293 |   173 ||   672
  Use: Potion            |       |     1 |       ||     1
  Eat: Chunk             |     1 |     7 |     5 ||    13
Armor: Chain mail        |   149 |   240 |   100 ||   489
       Scale mail        |     2 |       |       ||     2
Dodge: Dodged            |    43 |    89 |    44 ||   176
Block: Shield            |   119 |   185 |    87 ||   391
